 Dungeon Crawl Stone Soup version 0.30-b1-2-g02819fbbbe (webtiles) character file.

Game seed: 13591012515534619617

56 Stormleaks the Conjurer (level 4, -8/27 (37) HPs)
             Began as a Meteoran Reaver on Jan 5, 2024.
             Mangled by Crazy Yiuf
             ... wielding a +3 quarterstaff of chaos
              (21 damage)
             ... on level 2 of the Dungeon.
             The game lasted 00:09:00 (657 turns).

Stormleaks the Conjurer (Meteoran Reaver)            Turns: 657, Time: 00:09:01

HP:   -8/27 (37)    AC:  3    Str: 14    XL:     4   Next: 37%
MP:   8/9           EV: 12    Int: 16    God:
Gold: 57            SH:  0    Dex: 12    Spells: 7/8 levels left

rFire   . . .        i - +0 short sword (elec)
rCold   . . .        (no shield)
rNeg    . . .        b - +0 leather armour
rPois   .            (no helmet)
rElec   .            (no cloak)
rCorr   .            (no gloves)
SInv    .            (no boots)
Will    .....        (no amulet)
Stlth   +            (no ring)
HPRegen 0.24/turn    (no ring)
MPRegen 0.11/turn

%: no passive effects
@: glowing, very heavily drained
A: sense surroundings 1, otherworldly, glowing, explore regen
a: no special abilities


You were on level 2 of the Dungeon.
You visited 1 branch of the dungeon, and saw 2 of its levels.

You collected 57 gold pieces.

Inventory:

Hand Weapons
 a - a +0 falchion
 c - a +0 dagger
 i - a +0 short sword of electrocution (weapon)
Missiles
 n - a throwing net
Armour
 b - a +0 leather armour (worn)
Scrolls
 d - 2 scrolls of identify {unknown}
 h - a scroll of magic mapping {unknown}
 k - a scroll of teleportation {unknown}
 o - 3 scrolls of enchant weapon {unknown}
Potions
 e - 3 potions of mutation {unknown}
 f - a potion of brilliance {unknown}
 g - a potion of haste {unknown}
 j - 2 potions of attraction {unknown}
 l - a potion of flight {unknown}
 m - a potion of magic {unknown}


   Skills:
 + Level 2.6 Fighting
 + Level 4.1 Long Blades
 + Level 1.2 Armour
 + Level 3.2 Dodging
 + Level 2.8 Spellcasting
 + Level 4.2 Conjurations


You had 7 spell levels left.
You knew the following spells:

 Your Spells              Type           Power      Damage    Failure   Level
a - Kiss of Death         Conj/Necr      36%        2d8       10%         1

Your spell library contained the following spells:

 Spells                   Type           Power      Damage    Failure   Level
 Momentum Strike          Conj/Tloc      18%        3d8       14%         2
 Hailstorm                Conj/Ice       9%         3d4       28%         3
 Vhi's Electric Charge    Tloc/Air       4%         N/A       56%         3
 Arcjolt                  Conj/Air       4%         1d14      95%         5
 Maxwell's Capacitive Co  Air            1%         ∞         100%        8


Dungeon Overview and Level Annotations

Branches:
Dungeon (2/15) Zot: 533

Altars:

Annotations:
D:2 Crazy Yiuf


Innate Abilities, Weirdness & Mutations

You passively map a small area around you.
You are easily found by Zot.
You glow in the dark.
You regain HP and MP as you explore.


Message History

Your attack delay is about 0.8.
Your damage rating with your +0 short sword of electrocution is about 5 (Base 5 x 105% (Dex) x 108% (Skill)).
Found a hammer.
Found a runed translucent door.
Crazy Yiuf shouts!
Crazy Yiuf yells, "Snower!
Mountain sallow arm."
As you open the door, it creaks loudly!
Press: ? - help, v - describe, . - travel
Here: Crazy Yiuf, wielding a +3 quarterstaff of chaos and wearing a +0 cloak An open translucent door.
Hit: i) +0 short sword (elec)
Press: ? - help, Dir - move target Your weapon can't reach that far!
Okay, then.
You closely miss Crazy Yiuf.
Crazy Yiuf hits you with a +3 quarterstaff of chaos!
You feel drained.
Casting: Kiss of Death (safe; 10% risk of failure)
Confirm with . or Enter, or press ? or * to list all spells.
You don't know that spell.
Casting: Kiss of Death (safe; 10% risk of failure)
Confirm with . or Enter, or press ? or * to list all spells.
Aiming: Kiss of Death (safe; 10% risk of failure)
Press: ? - help, Shift-Dir - straight line, f - Crazy Yiuf
Aim: Crazy Yiuf, wielding a +3 quarterstaff of chaos and wearing a +0 cloak (100% to hit)
The negative energy hits Crazy Yiuf!
Crazy Yiuf is drained!
Crazy Yiuf is heavily wounded.
You feel drained. Crazy Yiuf barely misses you.
You closely miss Crazy Yiuf.
Crazy Yiuf is heavily wounded.
Crazy Yiuf barely misses you.
You barely miss Crazy Yiuf.
Crazy Yiuf is heavily wounded.
Crazy Yiuf laughs, "East!
Ten mobile Hive."
Crazy Yiuf misses you.
You hit Crazy Yiuf but do no damage.
Crazy Yiuf is heavily wounded.
Crazy Yiuf hits you with a +3 quarterstaff of chaos!
Space warps horribly around you!!
Ouch! That really hurt!
You die...

, , ##### , #)..# ,
#...# # * * ...* # ,
#g# # , ♣@♣♣ + ♣♣.♣
# *,# *, ♣.♣♣ +..#.#
#..# ♣♣.♣ ##...#
#..# ♣♣.♣♣ ...#**
#..# ♣♣P..♣
...######..# ♣P..P♣
..........#* #....#
..........######..##


You could see Crazy Yiuf (very drained).

Vanquished Creatures
  An adder (D:2)
  A worm (D:2)
  A dart slug (D:2)
  5 endoplasms
  3 giant cockroaches
  4 hobgoblins
  6 kobolds
  A quokka (D:2)
  4 ball pythons
  5 bats
  A frilled lizard (D:1)
  5 goblins
  2 rats (D:1)
39 creatures vanquished.

Notes
Turn   | Place    | Note
-------+----------+-------------------------------------------
     0 | D:1      | Stormleaks the Meteoran Reaver began the quest for the Orb.
     0 | D:1      | Reached XP level 1. HP: 17/17 MP: 5/5
    54 | D:1      | Reached XP level 2. HP: 14/22 MP: 4/6
   172 | D:1      | Reached skill level 1 in Armour
   195 | D:1      | Found a faded altar of an unknown god.
   243 | D:1      | Reached XP level 3. HP: 24/24 MP: 8/8
   383 | D:2      | Reached XP level 4. HP: 12/32 MP: 9/9
   648 | D:2      | Found a runed translucent door.
   649 | D:2      | Noticed Crazy Yiuf
   657 | D:2      | Mangled by Crazy Yiuf

Illustrated notes

Levels and vault maps discovered:
D:1:      kennysheep_arrival_forest, layout_rooms, ebering_ecumenical_altar_rust
D:2:      layout_basic, minmay_octomino_c4, uniq_crazy_yiuf_cottage

Skill      XL: |  1  2  3  4 |
---------------+-------------+-----
Conjurations   | 4 |  4.2
Armour         | 1 |  1.2
Long Blades    | 4 |  4.1
Dodging        | 3 |  3.2
Fighting       | |  2.6
Spellcasting   | |  2.8

Action                     |  1- 3 |  4- 6 || total
---------------------------+-------+-------++-------
  Melee: Falchion          |    89 |    17 ||   106
         Punch             |     1 |     1 ||     2
         Short sword       |       |    22 ||    22
   Cast: Kiss of Death     |     3 |     1 ||     4
 Armour: Leather armour    |    40 |     6 ||    46
  Dodge: Dodged            |    61 |    21 ||    82
